General information
- name: BNet
- type: Ladder team game (AT/RT)
- host: Battle.net
- saver: Sgt.Pepper.
map: GolemsInTheMist
- players: 8
- length: 53:16
- speed: Fast
- version: 1.26 W3XP
- replay type: Public
» download(268 KB)
Players
team 1 (winner)

»
suicide_dude (
pink | 74 APM | 2219 actions | 30:00)
5 Archmage
3 Summon Water Elemental
2 Brilliance Aura
5 Mountain King
3 Storm Bolt
2 Bash
» actions
| Assign group hotkey | 54 | |
| Basic commands | 3 | |
| Build / train | 76 | |
| Enter build submenu | 19 | |
| Enter hero's abilities submenu | 10 | |
| Right click | 995 | |
| Select / deselect | 502 | |
| Select group hotkey | 403 | |
| Use ability | 157 | |
2219 total
» units
| Peasant | 8 | |
| Footman | 5 | |
| Rifleman | 9 | |
| Sorceress | 4 | |
| Priest | 7 | |
| Mortar Team | 2 | |
35 total
» upgrades
| Lumber Harvesting | 2 | |
| Priest Training | 2 | |
| Long Rifles | 1 | |
| Gunpowder | 3 | |
| Sorceress Training | 2 | |
| Armor | 2 | |
| Masonry | 1 | |
| Backpack | 1 | |
| Magic Sentry | 1 | |
| Flare | 1 | |
| Fragmentation Shards | 1 | |
17 total
» buildings
| Altar of Kings | 1 | |
| Barracks | 1 | |
| Farm | 9 | |
| Scout Tower | 1 | |
| Arcane Tower | 2 | |
| Lumber Mill | 1 | |
| Keep | 4 | |
| Arcane Vault | 1 | |
| Blacksmith | 1 | |
| Arcane Sanctum | 2 | |
| Castle | 1 | |
| Workshop | 2 | |
26 total
» build order
00:02 Altar of Kings
00:15 Barracks
00:29 Farm
00:59 Farm
01:34 Scout Tower
02:00 Arcane Tower
02:00 Arcane Tower
02:07 Farm
02:43 Lumber Mill
03:18 Keep
03:19 Keep
03:19 Keep
03:29 Arcane Vault
03:50 Blacksmith
04:05 Farm
04:49 Farm
05:51 Arcane Sanctum
06:05 Arcane Sanctum
06:37 Farm
08:22 Farm
10:51 Castle
13:12 Farm
16:25 Farm
17:58 Workshop
18:05 Workshop
» items
| Scroll of Regeneration | 1 | |
| Lesser Clarity Potion | 1 | |
2 total

»
yoykiller (
teal | 33 APM | 867 actions | 26:24)
6 Demon Hunter
3 Mana Burn
2 Evasion
1 Metamorphosis
» actions
| Basic commands | 91 | |
| Build / train | 77 | |
| Enter build submenu | 23 | |
| Enter hero's abilities submenu | 6 | |
| Remove unit from queue | 2 | |
| Right click | 262 | |
| Select / deselect | 339 | |
| Use ability | 67 | |
867 total
» units
| Wisp | 22 | |
| Archer | 10 | |
| Dryad | 7 | |
| Druid of the Claw | 6 | |
| Goblin Sapper | 2 | |
| Hippogryph | 9 | |
| Chimaera | 1 | |
57 total
» upgrades
| Strength of the Wild | 3 | |
| Druid of the Claw Training | 2 | |
| Abolish Magic | 1 | |
| Reinforced Hides | 3 | |
| Mark of the Claw | 1 | |
10 total
» buildings
| Altar of Elders | 1 | |
| Moon Well | 5 | |
| Ancient of War | 1 | |
| Ancient of Wonders | 1 | |
| Tree of Ages | 2 | |
| Hunter's Hall | 1 | |
| Ancient of Lore | 2 | |
| Tree of Eternity | 1 | |
| Ancient of Wind | 2 | |
| Tree of Life | 2 | |
| Chimaera Roost | 3 | |
21 total
» build order
00:06 Altar of Elders
00:21 Moon Well
00:36 Ancient of War
01:26 Moon Well
01:42 Ancient of Wonders
03:09 Moon Well
03:50 Tree of Ages
04:16 Hunter's Hall
05:40 Moon Well
06:15 Ancient of Lore
06:19 Ancient of Lore
08:39 Tree of Eternity
12:03 Moon Well
14:47 Ancient of Wind
15:16 Tree of Life
16:01 Ancient of Wind
16:11 Chimaera Roost
17:18 Tree of Life
17:41 Chimaera Roost
17:44 Chimaera Roost
25:52 Tree of Ages
SUCHALOSE)CUN.T (
blue | 50 APM | 2672 actions | 53:15)
7 Blood Mage
3 Flame Strike
3 Siphon Mana
1 Summon Phoenix
» actions
| Assign group hotkey | 14 | |
| Basic commands | 76 | |
| Build / train | 100 | |
| Enter build submenu | 41 | |
| Enter hero's abilities submenu | 7 | |
| Remove unit from queue | 3 | |
| Right click | 1848 | |
| Select / deselect | 394 | |
| Select group hotkey | 6 | |
| Use ability | 183 | |
2672 total
» units
| Peasant | 21 | |
| Footman | 9 | |
| Goblin Shredder | 3 | |
| Dragonhawk Rider | 17 | |
| Chimaera | 4 | |
54 total
» upgrades
| Defend | 0 | |
| Animal War Training | 1 | |
| Cloud | 1 | |
| Armor | 1 | |
| Swords | 1 | |
| Corrosive Breath | 1 | |
5 total
» buildings
| Farm | 17 | |
| Altar of Kings | 1 | |
| Barracks | 1 | |
| Scout Tower | 12 | |
| Lumber Mill | 1 | |
| Arcane Tower | 5 | |
| Arcane Vault | 2 | |
| Town Hall | 4 | |
| Keep | 2 | |
| Guard Tower | 6 | |
| Blacksmith | 1 | |
| Castle | 3 | |
| Gryphon Aviary | 3 | |
| Ancient Protector | 6 | |
64 total
» build order
00:10 Farm
00:12 Altar of Kings
00:35 Barracks
01:25 Farm
01:33 Scout Tower
01:44 Farm
01:48 Farm
02:08 Lumber Mill
02:15 Arcane Tower
02:15 Arcane Tower
02:55 Arcane Vault
04:33 Town Hall
04:36 Scout Tower
04:37 Scout Tower
04:46 Farm
04:55 Farm
06:25 Scout Tower
06:26 Scout Tower
06:27 Scout Tower
06:29 Scout Tower
06:32 Keep
06:33 Keep
06:40 Arcane Tower
06:40 Arcane Tower
06:41 Guard Tower
06:41 Guard Tower
06:46 Blacksmith
07:16 Guard Tower
07:17 Guard Tower
09:15 Castle
09:15 Castle
09:23 Town Hall
09:26 Scout Tower
09:27 Scout Tower
10:00 Arcane Tower
10:01 Guard Tower
10:02 Guard Tower
10:59 Farm
11:00 Farm
11:01 Farm
12:01 Gryphon Aviary
12:02 Gryphon Aviary
12:36 Gryphon Aviary
17:51 Farm
18:13 Farm
18:13 Farm
18:17 Farm
18:32 Arcane Vault
21:49 Town Hall
25:53 Town Hall
27:58 Ancient Protector
27:58 Ancient Protector
27:59 Ancient Protector
27:59 Ancient Protector
28:00 Ancient Protector
28:09 Ancient Protector
38:08 Scout Tower
38:10 Scout Tower
40:38 Farm
47:23 Farm
48:39 Scout Tower
49:58 Farm
50:43 Farm
» items
| Scroll of Regeneration | 4 | |
| Lesser Clarity Potion | 6 | |
| Scroll of Town Portal | 3 | |
| Potion of Healing | 1 | |
14 total
Sgt.Pepper. (
green | 68 APM | 3629 actions | 53:16)
5 Blood Mage
2 Flame Strike
2 Siphon Mana
1 Banish
3 Paladin
2 Divine Shield
1 Holy Light
» actions
| Assign group hotkey | 85 | |
| Basic commands | 559 | |
| Build / train | 81 | |
| Enter build submenu | 40 | |
| Enter hero's abilities submenu | 7 | |
| Give item / drop item | 9 | |
| Remove unit from queue | 3 | |
| Right click | 1216 | |
| Select / deselect | 480 | |
| Select group hotkey | 783 | |
| Use ability | 365 | |
3629 total
» units
| Peasant | 13 | |
| Footman | 3 | |
| Goblin Shredder | 1 | |
| Sorceress | 4 | |
| Gryphon Rider | 7 | |
| Goblin Sapper | 5 | |
33 total
» upgrades
| Sorceress Training | 1 | |
| Masonry | 1 | |
| Swords | 3 | |
| Armor | 3 | |
| Storm Hammers | 1 | |
| Lumber Harvesting | 1 | |
| Animal War Training | 1 | |
11 total
» buildings
| Altar of Kings | 1 | |
| Barracks | 1 | |
| Farm | 12 | |
| Keep | 1 | |
| Lumber Mill | 1 | |
| Arcane Vault | 1 | |
| Town Hall | 3 | |
| Scout Tower | 18 | |
| Arcane Sanctum | 1 | |
| Guard Tower | 4 | |
| Blacksmith | 2 | |
| Castle | 1 | |
| Gryphon Aviary | 6 | |
| Tree of Ages | | |
52 total
» build order
00:36 Altar of Kings
00:37 Barracks
00:54 Farm
01:05 Farm
01:06 Farm
01:43 Farm
02:58 Farm
03:23 Farm
03:44 Keep
04:10 Lumber Mill
04:35 Arcane Vault
04:46 Town Hall
05:12 Scout Tower
05:17 Scout Tower
05:24 Scout Tower
06:12 Arcane Sanctum
08:36 Guard Tower
08:51 Blacksmith
08:52 Blacksmith
08:56 Scout Tower
08:58 Scout Tower
08:59 Scout Tower
08:59 Scout Tower
09:00 Scout Tower
09:01 Scout Tower
09:02 Scout Tower
09:03 Scout Tower
09:04 Scout Tower
09:04 Scout Tower
09:44 Guard Tower
09:47 Castle
10:11 Guard Tower
11:31 Gryphon Aviary
11:31 Gryphon Aviary
11:32 Gryphon Aviary
11:32 Gryphon Aviary
13:17 Guard Tower
13:53 Gryphon Aviary
13:54 Gryphon Aviary
14:01 Farm
14:02 Farm
14:03 Farm
14:04 Farm
15:04 Town Hall
17:38 Town Hall
25:48 Scout Tower
25:48 Scout Tower
25:53 Scout Tower
25:53 Scout Tower
» items
| Scroll of Regeneration | 2 | |
| Lesser Clarity Potion | 1 | |
| Potion of Mana | 2 | |
| Potion of Healing | 2 | |
| Scroll of Town Portal | 9 | |
| Orb of Venom | 1 | |
| Orb of Fire | 1 | |
| Staff of Sanctuary | 1 | |
19 total
team 2 (loser)
Turbolt09 (
red | 33 APM | 652 actions | 19:40)
2 Demon Hunter
1 Mana Burn
1 Immolation
» actions
| Assign group hotkey | 10 | |
| Basic commands | 1 | |
| Build / train | 26 | |
| Enter build submenu | 15 | |
| Enter hero's abilities submenu | 2 | |
| Remove unit from queue | 3 | |
| Right click | 257 | |
| Select / deselect | 199 | |
| Select group hotkey | 98 | |
| Use ability | 39 | |
652 total
» units
| Wisp | 11 | |
| Huntress | 8 | |
| Wind Rider | 1 | |
20 total
» buildings
| Altar of Elders | 2 | |
| Moon Well | 5 | |
| Hunter's Hall | 1 | |
| Ancient of War | 1 | |
| Ancient Protector | 1 | |
| Tree of Life | 2 | |
| Tree of Ages | 1 | |
13 total
» build order
00:10 Altar of Elders
00:17 Moon Well
01:20 Hunter's Hall
01:26 Ancient of War
01:50 Moon Well
02:34 Ancient Protector
04:03 Moon Well
05:02 Tree of Life
06:03 Moon Well
06:25 Tree of Ages
10:17 Altar of Elders
12:00 Moon Well
15:09 Tree of Life
Calato (
purple | 45 APM | 509 actions | 11:14)
2 Blademaster
1 Wind Walk
1 Critical Strike
2 Shadow Hunter
1 Healing Wave
1 Hex
» actions
| Basic commands | 16 | |
| Build / train | 34 | |
| ESC pressed | 1 | |
| Enter build submenu | 10 | |
| Enter hero's abilities submenu | 4 | |
| Give item / drop item | 1 | |
| Remove unit from queue | 1 | |
| Right click | 245 | |
| Select / deselect | 153 | |
| Use ability | 44 | |
509 total
» units
» upgrades
» buildings
| Altar of Storms | 1 | |
| Orc Burrow | 4 | |
| Barracks | 1 | |
| War Mill | 1 | |
| Voodoo Lounge | 1 | |
| Stronghold | 1 | |
| Fortress | 0 | |
| Beastiary | 2 | |
11 total
» build order
00:06 Altar of Storms
00:20 Orc Burrow
00:35 Barracks
00:52 War Mill
01:50 Orc Burrow
02:04 Voodoo Lounge
02:33 Stronghold
03:52 Orc Burrow
05:07 Fortress
05:13 Beastiary
05:16 Beastiary
05:50 Orc Burrow
» items
| Healing Salve | 2 | |
| Lesser Clarity Potion | 1 | |
| Scroll of Speed | 1 | |
| Potion of Healing | 1 | |
5 total
NightElves1000 (
orange | 21 APM | 802 actions | 38:03)
3 Mountain King
2 Storm Bolt
1 Thunder Clap
2 Paladin
1 Divine Shield
1 Holy Light
» actions
| Basic commands | 5 | |
| Build / train | 47 | |
| Enter build submenu | 13 | |
| Enter hero's abilities submenu | 5 | |
| Remove unit from queue | 1 | |
| Right click | 472 | |
| Select / deselect | 176 | |
| Use ability | 83 | |
802 total
» units
| Peasant | 14 | |
| Footman | 22 | |
| Goblin Shredder | 1 | |
37 total
» buildings
| Altar of Kings | 1 | |
| Farm | 7 | |
| Barracks | 1 | |
| Lumber Mill | 1 | |
| Keep | 1 | |
| Blacksmith | 1 | |
| Castle | 1 | |
13 total
» build order
00:04 Altar of Kings
00:06 Farm
00:09 Barracks
01:00 Farm
02:07 Lumber Mill
03:14 Farm
03:16 Keep
03:32 Farm
04:32 Farm
04:37 Blacksmith
05:44 Castle
21:39 Farm
21:56 Farm
horrible-intern (
yellow | 68 APM | 3613 actions | 53:15)
3 Blood Mage
1 Flame Strike
2 Banish
2 Mountain King
1 Storm Bolt
1 Bash
» actions
| Assign group hotkey | 65 | |
| Basic commands | 3 | |
| Build / train | 114 | |
| Enter build submenu | 34 | |
| Enter hero's abilities submenu | 5 | |
| Give item / drop item | 9 | |
| Right click | 1655 | |
| Select / deselect | 426 | |
| Select group hotkey | 1159 | |
| Use ability | 142 | |
3613 total
» units
| Peasant | 30 | |
| Footman | 5 | |
| Goblin Shredder | 3 | |
| Wind Rider | 1 | |
| Gryphon Rider | 17 | |
| Goblin Sapper | 6 | |
| Goblin Zeppelin | 1 | |
63 total
» upgrades
| Masonry | 3 | |
| Lumber Harvesting | 2 | |
| Storm Hammers | 1 | |
6 total
» buildings
| Altar of Kings | 1 | |
| Barracks | 1 | |
| Farm | 13 | |
| Scout Tower | 35 | |
| Arcane Tower | 1 | |
| Lumber Mill | 1 | |
| Town Hall | 2 | |
| Arcane Vault | 1 | |
| Guard Tower | 24 | |
| Keep | 2 | |
| Castle | 2 | |
| Gryphon Aviary | 9 | |
| Blacksmith | 1 | |
93 total
» build order
00:08 Altar of Kings
00:20 Barracks
00:38 Farm
00:54 Farm
01:29 Scout Tower
01:47 Farm
02:05 Arcane Tower
02:52 Lumber Mill
03:16 Farm
04:15 Town Hall
04:18 Scout Tower
04:18 Scout Tower
04:19 Scout Tower
04:19 Scout Tower
04:27 Arcane Vault
04:53 Guard Tower
06:30 Scout Tower
06:31 Scout Tower
06:31 Scout Tower
06:32 Scout Tower
06:32 Scout Tower
06:32 Scout Tower
06:33 Scout Tower
06:34 Scout Tower
07:23 Guard Tower
07:24 Guard Tower
07:44 Guard Tower
07:44 Guard Tower
07:46 Keep
07:46 Keep
08:19 Guard Tower
08:22 Farm
08:22 Farm
08:36 Scout Tower
08:37 Scout Tower
08:37 Scout Tower
08:38 Scout Tower
08:38 Scout Tower
09:10 Guard Tower
09:10 Guard Tower
09:32 Guard Tower
09:48 Guard Tower
09:48 Guard Tower
09:53 Scout Tower
09:53 Scout Tower
09:53 Scout Tower
09:54 Scout Tower
10:17 Castle
10:23 Gryphon Aviary
10:26 Gryphon Aviary
10:41 Guard Tower
10:54 Gryphon Aviary
10:57 Guard Tower
11:38 Farm
12:59 Scout Tower
12:59 Scout Tower
12:59 Scout Tower
12:59 Scout Tower
13:00 Scout Tower
13:03 Farm
13:04 Farm
13:25 Scout Tower
13:26 Scout Tower
13:26 Scout Tower
13:42 Guard Tower
14:41 Guard Tower
15:01 Gryphon Aviary
15:03 Guard Tower
15:47 Gryphon Aviary
15:56 Gryphon Aviary
15:57 Farm
15:58 Farm
16:14 Scout Tower
16:14 Scout Tower
16:15 Scout Tower
16:15 Scout Tower
16:15 Scout Tower
16:44 Farm
16:56 Guard Tower
16:56 Guard Tower
17:38 Guard Tower
17:38 Guard Tower
18:57 Blacksmith
32:15 Town Hall
41:28 Gryphon Aviary
41:28 Gryphon Aviary
41:29 Gryphon Aviary
» items
| Scroll of Regeneration | 3 | |
| Scroll of Town Portal | 3 | |
| Potion of Healing | 1 | |
| Potion of Mana | 1 | |
8 total
Chat log
(00:17 / Allies) suicide_dude: rifle caster
(00:28 / Allies) yoykiller: archers -> bear/dryad
(01:12 / All) Sgt.Pepper.: Favorite doors song?
(01:15 / Allies) SUCHALOSE)CUN.T: GUYS
(01:17 / Allies) SUCHALOSE)CUN.T: MEET AT ME
(01:21 / Allies) SUCHALOSE)CUN.T: AND WE RUSH THEM
(02:30 / Allies) SUCHALOSE)CUN.T: TEAL NO
(03:31 / Allies) SUCHALOSE)CUN.T: TEAL
(03:33 / Allies) SUCHALOSE)CUN.T: FUCK OF
(03:43 / Allies) yoykiller: thought we were rushing
(04:12 / Allies) SUCHALOSE)CUN.T: K RDY TO HIT?
(05:10 / Allies) SUCHALOSE)CUN.T: meet
(05:23 / Allies) SUCHALOSE)CUN.T: GREEN
(05:24 / Allies) SUCHALOSE)CUN.T: COME
(05:26 / Allies) SUCHALOSE)CUN.T: PINK
(05:26 / Allies) SUCHALOSE)CUN.T: COME
(05:32 / Allies) SUCHALOSE)CUN.T: THIS IS TOO MUCH TIME
(05:33 / Allies) SUCHALOSE)CUN.T: COME
(05:44 / Allies) SUCHALOSE)CUN.T: WE CHEC
(05:45 / Allies) SUCHALOSE)CUN.T: THEN HIT
(05:51 / Allies) SUCHALOSE)CUN.T: TEAL
(05:58 / Allies) SUCHALOSE)CUN.T: MOVE AS A GROUP
(07:17 / Allies) suicide_dude: make em tp
(10:36 / All) Sgt.Pepper.: why not fight at your own base retard orange
(10:46 / All) SUCHALOSE)CUN.T: YELLOW HACKER NOOB
(10:48 / All) SUCHALOSE)CUN.T: YOU WONT WIN
(11:19 / All) Sgt.Pepper.: lol
(11:26 / Allies) suicide_dude: sure
(12:14 / Allies) suicide_dude: lmao
(12:50 / All) SUCHALOSE)CUN.T: YELLOW YOU FUCKING TRY HARD NOBO
(12:57 / All) SUCHALOSE)CUN.T: ILL 1V1 ADN SHTI ON U ANYDAY
(13:36 / All) SUCHALOSE)CUN.T: WOW RUNNIN A PEON EARLY EY?
(13:50 / Allies) Sgt.Pepper.: wood
(14:05 / Allies) suicide_dude: get siege..
(14:10 / Allies) SUCHALOSE)CUN.T: NAH
(14:12 / Allies) SUCHALOSE)CUN.T: I GOT HAWKS
(14:17 / Allies) suicide_dude: fine
(14:47 / Allies) Sgt.Pepper.: more wood please
(14:51 / Allies) suicide_dude: we kill yellow last
(14:55 / Allies) SUCHALOSE)CUN.T: DONT WORRY
(14:58 / Allies) SUCHALOSE)CUN.T: GET GOOD UNITS
(15:00 / Allies) SUCHALOSE)CUN.T: MY HAWKS
(15:03 / Allies) SUCHALOSE)CUN.T: WILL CLOUD ALL
(15:05 / Allies) SUCHALOSE)CUN.T: KILL OJ
(15:06 / Allies) SUCHALOSE)CUN.T: FOR NOW
(15:48 / All) suicide_dude: try hard
(15:50 / All) suicide_dude: ull win
(16:00 / All) SUCHALOSE)CUN.T: NO HE WONT LOL
(16:22 / All) SUCHALOSE)CUN.T: MASS AIR BADDIE
(16:23 / All) SUCHALOSE)CUN.T: ROFL
(17:31 / All) SUCHALOSE)CUN.T: COME HIT ME FAGGOT
(18:46 / Allies) SUCHALOSE)CUN.T: PINK
(18:48 / Allies) SUCHALOSE)CUN.T: NICE ZMAP
(18:49 / Allies) SUCHALOSE)CUN.T: LOL
(19:03 / Allies) suicide_dude: gogo
(20:33 / All) SUCHALOSE)CUN.T: THX GREEN!
(20:38 / All) yoykiller: lol green
(20:47 / Allies) suicide_dude: ah so this is what happened
(20:48 / Allies) suicide_dude: lol
(22:03 / Allies) suicide_dude: dude stop this crap
(24:47 / Allies) suicide_dude: you gotta be fucking kidding
(24:51 / Allies) suicide_dude: ur his bitch or something
(25:01 / Allies) suicide_dude: ?
(25:11 / All) Sgt.Pepper.: No, he is my bitch. I want you to lose.
(26:21 / All) yoykiller: wasting my time
(26:22 / All) yoykiller: later fag
(28:26 / All) horrible-intern: u dont know when to give up blue
(28:29 / All) Sgt.Pepper.: la la la
(30:00 / All) suicide_dude: bye fags hope you die soon
(30:06 / All) horrible-intern: lawl
(30:18 / All) horrible-intern: blue just give up seriously
(30:29 / All) horrible-intern: what was it, "u try too hard for the win"?
(30:31 / All) Sgt.Pepper.: He's gonna supah man these hos
(30:32 / All) horrible-intern: those were ur words
(31:15 / 9) SUCHALOSE)CUN.T: bro plz stop
(31:22 / All) Sgt.Pepper.: "bro plz stop"
(31:25 / All) Sgt.Pepper.: in private
(31:32 / 9) SUCHALOSE)CUN.T: bro cmon
(31:35 / All) Sgt.Pepper.: lol
(31:38 / All) Sgt.Pepper.: "bro cmon"
(31:41 / All) Sgt.Pepper.: Stand off?
(31:48 / 9) SUCHALOSE)CUN.T: its done now and i appologize
(31:57 / All) Sgt.Pepper.: Apologize for what?
(32:04 / 9) SUCHALOSE)CUN.T: i just want the win
(32:05 / 9) SUCHALOSE)CUN.T: pzl
(32:09 / 9) SUCHALOSE)CUN.T: plz*
(32:14 / All) Sgt.Pepper.: We're going to do a Mexican Standoff
(32:18 / All) Sgt.Pepper.: You both have equal chance at victory
(32:39 / All) Sgt.Pepper.: You and orange have equal chance at victory
(33:56 / All) Sgt.Pepper.: Whoops
(34:15 / All) Sgt.Pepper.: was that your only peasant
(34:22 / All) horrible-intern: i can make 3 more
(34:43 / All) Sgt.Pepper.: I'll bring you items
(35:17 / All) horrible-intern: let me kill chims
(35:18 / All) horrible-intern: my base
(35:34 / All) horrible-intern: my team wwere so god dman stupid
(37:28 / 9) SUCHALOSE)CUN.T: you win
(37:31 / 9) SUCHALOSE)CUN.T: i cant beat u
(37:33 / All) Sgt.Pepper.: Blue you can win
(37:40 / All) Sgt.Pepper.: We're going to give you and orange equal chance at victory
(38:03 / All) Sgt.Pepper.: Horrible luck if he had dropped like 10 mintues later you would win
(38:11 / All) Sgt.Pepper.: Now you have to lose
(38:14 / All) Sgt.Pepper.: Sorry, thems the breaks
(38:15 / All) horrible-intern: blue is not giving up
(38:21 / All) Sgt.Pepper.: He already said he can't beat me
(38:23 / All) Sgt.Pepper.: and that I win
(38:25 / All) horrible-intern: my
(38:31 / All) Sgt.Pepper.: He never stopped though
(38:36 / All) Sgt.Pepper.: Honorable persistence
(38:39 / All) horrible-intern: they all say that
(38:44 / All) horrible-intern: trust me he wanted this win
(38:50 / All) Sgt.Pepper.: Yes he said he wanted the win
(39:01 / All) horrible-intern: he was pissed when i got his expo
(39:03 / All) horrible-intern: my team
(39:05 / 9) SUCHALOSE)CUN.T: can i have 200 gold
(39:31 / All) Sgt.Pepper.: Purple alt qqed as soon as I killed his 5 peons I think
(39:43 / All) Sgt.Pepper.: he's sending treants your way
(39:45 / 9) SUCHALOSE)CUN.T: lets win man
(39:46 / All) horrible-intern: ur guys army wasnt even that menacing
(39:46 / 9) SUCHALOSE)CUN.T: plz
(39:55 / All) Sgt.Pepper.: Orange was your only hope at victory, blue
(40:12 / All) Sgt.Pepper.: Blue what is your age?
(40:16 / 9) SUCHALOSE)CUN.T: 20
(40:37 / All) Sgt.Pepper.: There is no quit in blue
(40:45 / All) horrible-intern: hes a dumb gook
(40:53 / All) Sgt.Pepper.: What is your ethnicity blue?
(41:04 / 9) SUCHALOSE)CUN.T: irish
(41:06 / 9) SUCHALOSE)CUN.T: white
(41:09 / All) Sgt.Pepper.: He's Irish
(41:15 / All) Sgt.Pepper.: you're kinfolk
(41:52 / All) horrible-intern: its hard to get much closer than this
(41:59 / All) Sgt.Pepper.: I had to hurry with units
(42:07 / All) Sgt.Pepper.: sub 1000 gold for a lot of the game
(42:08 / All) horrible-intern: i remember that time on murgoal oasis where u had mass tp with rifles
(42:11 / All) Sgt.Pepper.: despite like 3 expos
(42:24 / All) Sgt.Pepper.: that one was much closer I think
(42:24 / All) horrible-intern: that was a closer game
(42:26 / All) horrible-intern: on murgoal
(42:29 / All) Sgt.Pepper.: Yeah
(42:36 / All) Sgt.Pepper.: this one they couldn't really do anything
(42:42 / All) Sgt.Pepper.: before they realized I was killing them it was too late
(42:54 / All) Sgt.Pepper.: I should have split my gryphons to chase dhawks earlier tho
(43:07 / All) Sgt.Pepper.: should have sent my main army
(43:11 / All) horrible-intern: u did great considering
(43:13 / All) Sgt.Pepper.: and used secondary to kill buildings
(43:43 / All) horrible-intern: what is your aka, blue
(43:52 / All) SUCHALOSE)CUN.T: this is my aka
(43:59 / All) Sgt.Pepper.: He's 2-0 right now
(44:15 / All) horrible-intern: are you friends with kodos_forsaken, my lil bro
(44:18 / All) Sgt.Pepper.: Want GogMagog?
(44:29 / All) SUCHALOSE)CUN.T: ooooo shittttt!!! your kodos bro!?!?
(44:32 / All) horrible-intern: sure
(44:33 / All) horrible-intern: yes
(44:36 / All) SUCHALOSE)CUN.T: ya!!
(44:37 / All) SUCHALOSE)CUN.T: LOL
(44:48 / All) Sgt.Pepper.: I know Kodos from way back man
(44:56 / All) horrible-intern: green is not kodos but an acquaintance of him
(45:00 / All) SUCHALOSE)CUN.T: thats funny haha
(45:21 / 9) SUCHALOSE)CUN.T: green
(45:24 / 9) SUCHALOSE)CUN.T: plz tho dude
(45:27 / 9) SUCHALOSE)CUN.T: dont do this
(45:30 / 9) SUCHALOSE)CUN.T: :(
(46:13 / All) horrible-intern: do u post on any forums, blue
(46:28 / All) SUCHALOSE)CUN.T: noooo
(46:29 / All) SUCHALOSE)CUN.T: haha
(46:43 / All) horrible-intern: i dont believe that is ur aka
(46:45 / All) horrible-intern: what is ur main
(46:50 / All) SUCHALOSE)CUN.T: i dont have 1
(47:01 / All) horrible-intern: lies make baby jesus cry , blue
(47:15 / All) SUCHALOSE)CUN.T: gg...
(47:58 / All) horrible-intern: my team couldn't handle one little battle jesus
(48:53 / All) horrible-intern: blue, u here?
(48:56 / All) SUCHALOSE)CUN.T: ya
(48:57 / All) SUCHALOSE)CUN.T: sup
(48:58 / All) Sgt.Pepper.: yes he is
(49:06 / All) horrible-intern: if i had 5 fishies and took away 3 fishies, how many fishies do i have
(49:11 / All) SUCHALOSE)CUN.T: 2
(49:17 / All) horrible-intern: correct
(50:11 / All) horrible-intern: this game somewhat leaves that stench out of my mouth of our last game that i lagged out
(50:19 / All) Sgt.Pepper.: It is epic
(50:25 / All) Sgt.Pepper.: what I am doing right now
(50:33 / All) horrible-intern: what are u doing, sir
(50:47 / All) Sgt.Pepper.: he is the fugitive
(50:50 / All) SUCHALOSE)CUN.T: LOL
(51:02 / All) SUCHALOSE)CUN.T: green you gotta admit
(51:07 / All) SUCHALOSE)CUN.T: that was pretty badass
(51:15 / All) horrible-intern: wht happened
(51:21 / All) Sgt.Pepper.: It only prolongs your suffering
(51:44 / All) SUCHALOSE)CUN.T: ok well
(51:48 / All) SUCHALOSE)CUN.T: this has been fun
(51:49 / All) SUCHALOSE)CUN.T: gg
(52:06 / 9) SUCHALOSE)CUN.T: plz help me win
(52:10 / 9) SUCHALOSE)CUN.T: i dont wanna lose
(52:14 / 9) SUCHALOSE)CUN.T: i tried hard...
(52:20 / All) Sgt.Pepper.: Okay
(52:20 / 9) SUCHALOSE)CUN.T: give me props at least
(52:29 / All) Sgt.Pepper.: He's lagging
(52:36 / All) Sgt.Pepper.: this will be close
(53:08 / 9) SUCHALOSE)CUN.T: FUCK
(53:09 / 9) SUCHALOSE)CUN.T: CMON
(53:11 / 9) SUCHALOSE)CUN.T: MAN
(53:12 / All) Sgt.Pepper.: one last building